AoeStats
← Tiquis

Oasis

507132041Analyzed
4v4 RM · 17d ago on Sep 16, 2026· 41m 55s· 8 players
Game mode
Random Map
Map size
Large (8 player)
Population
200
Speed
Normal
Resources
Standard
Victory
Conquest
Starting age
Dark Age
Ending age
Imperial Age
RankedLock teamsTeams togetherTeam positionsShared explorationLock speedFull tech treeHidden civsTurbo modeCheats
Victory
Defeat
🇺🇸 Italians · United States
1126
+13
🇦🇷 Vikings · Argentina
1085
+15
🇲🇽 Gurjaras · Mexico
1070
+15
🇪🇸 Armenians · Spain
1060
+16
🇨🇿 Burgundians · Czechia
1202
-20
🇨🇿 Armenians · Czechia
1093
-16
🇨🇿 Romans · Czechia
1033
-14
🇨🇿 Persians · Czechia
908
-9
oKC CHIEFS FANo
2:20 Loom
15:15 Feudal Age
19:16 Double-Bit Axe
21:57 Fletching
26:13 Castle Age
29:33 Fortified Wall
39:21 Treadmill Crane
43:40 Imperial Age
41:45 Masonry
Mauribruno
11:16 Feudal Age
15:55 Castle Age
14:22 Double-Bit Axe
14:54 Horse Collar
15:41 Gold Mining
23:18 Heavy Plow
24:24 Bow Saw
27:06 Loom
30:05 Imperial Age
27:58 Man-at-Arms
28:38 Squires
28:24 Arson
28:25 Gambesons
28:54 Scale Mail Armor
29:04 Forging
28:57 Long Swordsman
30:19 Gold Shaft Mining
31:12 Iron Casting
30:53 Chain Mail Armor
30:21 Two-Handed Swordsman
30:29 Pikeman
30:58 Capped Ram
31:51 Champion
32:51 Town Watch
34:01 Siege Ram
35:42 Siege Engineers
37:28 Plate Mail Armor
37:58 Blast Furnace
38:50 Blast Furnace
37:40 Fletching
39:15 Two-Man Saw
41:01 Town Patrol
Chadwick
7:53 Loom
13:05 Feudal Age
14:07 Man-at-Arms
15:27 Scale Mail Armor
15:37 Double-Bit Axe
17:26 Long Swordsman
19:19 Forging
24:12 Pikeman
29:17 Castle Age
27:00 Horse Collar
28:34 Arson
31:29 Chain Mail Armor
32:11 Halberdier
38:54 Wheelbarrow
41:43 Fletching
41:53 Padded Archer Armor
MiloJ
0:31 Loom
12:18 Feudal Age
17:52 Castle Age
15:37 Horse Collar
17:05 Double-Bit Axe
18:39 Wheelbarrow
18:59 Bow Saw
20:48 Hand Cart
27:50 Gold Mining
28:10 Heavy Plow
29:42 Gold Shaft Mining
29:00 Stone Mining
29:27 Forging
29:34 Bloodlines
29:24 Husbandry
31:16 Caravan
32:46 Elite Skirmisher
34:29 Fletching
35:54 Stone Shaft Mining
38:37 Imperial Age
36:37 Bodkin Arrow
37:59 Padded Archer Armor
41:17 Bracer
42:41 Ballistics
42:45 Conscription
Tiquis
10:50 Loom
12:35 Feudal Age
17:25 Castle Age
17:30 Scale Barding Armor
17:32 Scale Mail Armor
17:47 Horse Collar
20:44 Husbandry
22:32 Bloodlines
26:14 Forging
27:38 Double-Bit Axe
32:18 Man-at-Arms
32:44 Gambesons
33:19 Stone Mining
33:20 Gold Mining
33:44 Bow Saw
33:37 Heavy Plow
Gnam
6:10 Loom
11:19 Feudal Age
11:29 Man-at-Arms
12:35 Arson
13:02 Long Swordsman
16:12 Double-Bit Axe
23:34 Castle Age
22:15 Scale Mail Armor
24:06 Horse Collar
25:12 Gambesons
25:49 Chain Mail Armor
25:45 Forging
27:45 Two-Handed Swordsman
28:33 Gold Mining
30:04 Wheelbarrow
30:19 Sanctity
29:47 Town Watch
30:15 Bow Saw
30:43 Squires
31:33 Champion
36:35 Hand Cart
36:20 Town Patrol
37:56 Iron Casting
Stone159
7:22 Loom
8:38 Double-Bit Axe
11:33 Feudal Age
11:43 Horse Collar
12:58 Bow Saw
16:07 Castle Age
15:07 Scale Barding Armor
15:25 Gold Mining
17:33 Chain Barding Armor
21:13 Forging
20:42 Cavalier
26:43 Husbandry
29:06 Wheelbarrow
28:17 Town Watch
30:55 Hand Cart
37:03 Imperial Age
34:55 Ballistics
38:08 Iron Casting
39:31 Chemistry
38:46 Paladin
40:13 Plate Barding Armor
chong with bong
8:34 Loom
10:25 Feudal Age
12:16 Man-at-Arms
13:49 Wheelbarrow
13:38 Scale Mail Armor
17:20 Forging
27:54 Castle Age
32:00 Hand Cart
33:16 Horse Collar
Connection lost

Rejoining the realm…

Still unreachable

The connection could not be restored.

Session expired

The server has moved on; the page needs a fresh start.